 Dungeon Sprint DCSS version 0.32-a0-473-gd044c6f0f0 (webtiles) character file.

Game seed: 11816856687824827511

36753 rocky1 the Black Belt (level 13, -18/98 HPs)
             Began as an Octopode Shapeshifter on Feb 26, 2024.
             Was an Initiate of Gozag.
             Demolished by a spriggan rider
             ... wielding a +0 spear
              (23 damage)
             ... in the Dungeon (Sprint VII: "The Pits").
             The game lasted 00:18:45 (5138 turns).

rocky1 the Black Belt (Octopode Shapeshifter)       Turns: 5138, Time: 00:18:45

Health: -18/98     AC:  1    Str: 13    XL:     13   Next: 92%
Magic:  8/26       EV: 24    Int: 13    God:    Gozag
Gold:   632        SH:  0    Dex: 19    Spells: 7/31 levels left

rFire   + +          .
                       - Unarmed
rCold   + . .        (no shield)
rNeg    . . .        (helmet currently unavailable)
rPois   +            (no amulet)
rElec   +            n - +3 ring of evasion
rCorr   +            o - +3 ring of dexterity
SInv    .            u - ring of willpower
Will    +....        y - ring of protection from fire
Stlth   ++++++       (no ring)
HPRegen 0.36/turn    (no ring)
MPRegen 0.20/turn    (no ring)
                     (no ring)

%: no teleportation
@: mighty, beast-form, resistant, radiating poison, hasted, invisible, very
quick
A: beast (slay +4), almost no armour, amphibious, 8 rings, camouflage 1,
gelatinous body 1, (nimble swimmer 1), tentacles
a: Begin Untransformation, Renounce Religion, Potion Petition, Call Merchant,
Bribe Branch


You were in the Dungeon.
You worshipped Gozag.
Gozag was pleased with you.
You were a hulking beast.
You visited 1 branch You collected 8602 gold pieces.
You spent 3339 gold pieces at shops.
You paid 4631 gold pieces to Gozag.

Inventory:

Jewellery
 n - a +3 ring of evasion (left tentacle)
 o - a +3 ring of dexterity (right tentacle)
 u - a ring of willpower (on tentacle)
 y - a ring of protection from fire (on tentacle)
Talismans
 b - a beast talisman (active)
 c - a flux talisman
Wands
 i - a wand of polymorph (6)
 r - a wand of mindburst (10)
Scrolls
 k - 2 scrolls of vulnerability
 l - 5 scrolls of amnesia
 m - a scroll of summoning
 t - 3 scrolls of fog
 v - a scroll of identify
 w - 2 scrolls of enchant weapon
 x - 4 scrolls of enchant armour
 z - a scroll of immolation
Potions
 a - 2 potions of might
 d - 6 potions of curing
 g - 3 potions of magic
 h - 3 potions of berserk rage
 j - a potion of cancellation
 p - 2 potions of brilliance
 q - 3 potions of mutation
 s - a potion of attraction
 A - a potion of lignification
 C - a potion of ambrosia


   Skills:
 + Level 12.7 Fighting
 + Level 12.4 Dodging
 - Level 12.0 Stealth
 + Level 19.4 Unarmed Combat
 + Level 9.5 Spellcasting
 + Level 6.8 Fire Magic
 + Level 11.0 Alchemy
 - Level 12.4 Shapeshifting


You had 7 spell levels left.
You knew the following spells:

 Your Spells              Type           Power      Damage    Failure   Level
a - Olgreb's Toxic Radia  Alch           35%        N/A       1%          4
b - Ignite Poison         Fire/Alch      29%        N/A       3%          4
c - Ignition              Fire           12%        3d6       100%        8
d - Maxwell's Capacitive  Air            3%         ∞         100%        8

Your spell library contained the following spells:

 Spells                   Type           Power      Damage    Failure   Level
 Mercury Vapours          Alch/Air       40%        N/A       1%          2
 Sticky Flame             Fire/Alch      29%        2d7       3%          4
 Static Discharge         Conj/Air       12%        3-4/arc   19%         2
 Fireball                 Conj/Fire      7%         3d5       63%         5
 Cause Fear               Hex            3%         N/A       75%         4
 Dragon's Call            Summ           3%         N/A       100%        9


Dungeon Overview and Level Annotations

Branches:
Dungeon (1/1)

Altars:
Ashenzari
Cheibriados
Dithmenos
Elyvilon
Fedhas
Gozag
Hepliaklqana
Kikubaaqudgha
Makhleb
Nemelex Xobeh
Okawaru
Qazlal
Ru
Sif Muna
Trog
Uskayaw
Vehumet
Wu Jian
Xom
Yredelemnul
Zin
The Shining One
Beogh
Jiyva
Lugonu

Shops:
D ***:


Innate Abilities, Weirdness & Mutations

You are a hulking beast.
Your limbs bulge with bestial killing power. (Slay +4)
You cannot wear most types of armour.
You are amphibious.
You can wear up to eight rings at the same time.
Your skin changes colour to match your surroundings (Stealth+).
Your rubbery body absorbs attacks. (AC +1, EV +1)
((You are camouflaged when in or above water. (Stealth+)))
You have tentacles for arms and can constrict up to eight enemies at once.


Message History

The arcanist is no longer distracted by gold.
Something hits you! Something bites you but does no damage.
You bludgeon something! You squeeze something. The emperor scorpion misses you.
The emperor scorpion completely misses you.
The emperor scorpion barely misses you.
You bludgeon something! Something hits you!! Something barely misses you.
A spriggan rider comes into view.
It is wielding a +0 spear and wearing a +2 chain mail of cold resistance.
You see here 387 gold pieces.
You tentacle-slap the emperor scorpion.
You squeeze the emperor scorpion, but do no damage.
The emperor scorpion is heavily wounded.
You tentacle-slap the emperor scorpion.
The emperor scorpion is heavily wounded.
* * * LOW HITPOINT WARNING * * *
You see here 81 gold pieces.
You completely miss something.
Unknown command.
A rime drake comes into view.
You see here 387 gold pieces.
You feel much better. Something barely misses you. Something bites you!
Something draws strength from your injuries!
Unknown command.
Casting: Olgreb's Toxic Radiance (mildly dangerous; 1% risk of failure)
Press: ? - help, Q - select action, (/) - cycle Dir - look around, f - activate You begin to radiate toxic energy.
The spriggan rider is poisoned.
The alligator snapping turtle is poisoned.
The alligator snapping turtle looks even sicker.
Unknown command.
You batter something!! You tentacle-slap something.
You hear an angry hiss.
You hear some strange, mumbled words.
You bludgeon something!
The alligator snapping turtle hisses angrily.
You miss something. You squeeze something. Something hits you!!
* * * LOW HITPOINT WARNING * * *
Something bites you.
* * * LOW HITPOINT WARNING * * *
Something draws strength from your injuries!
The spriggan rider hits you from afar with a +0 spear!!
You die...
Your body crumbles into a pile of gold.

######################
#....................'
#....................'
#..################..# #..## #.#
#..# #..#.# #p# #..# #..##$#i#
#..# #..#.#{# #..# #..##h#s# #..#
#..#'##############..#
############....................#
_________.##....................#
_________.###########++##########
_______...###########++##########
#########'##................##..#
..(.')))'.##......#..#......##..#
#########.##................''..#


You could see a spriggan rider (poisoned) and an arcanist (wandering, unable to
see you).

Vanquished Creatures
  An emperor scorpion (D)
  An ophan (D)
  Nessos (D)
  An alligator snapping turtle (D)
  A two-headed ogre (D)
  A merfolk avatar (D)
  A death yak (D)
  A merfolk aquamancer (D)
  A deep troll shaman (D)
  2 demonic crawlers (D)
  A sun demon (D)
  An iron troll (D)
  A sixfirhy (D)
  3 sea snakes (D)
  3 deep trolls (D)
  A flayed ghost (D)
  2 swamp dragons (D)
  A phantasmal warrior (D)
  A deep elf zephyrmancer (D)
  2 manticores (D)
  A rust devil (D)
  A molten gargoyle (D)
  2 guardian serpents (D)
  A gargoyle (D)
  A smoke demon (D)
  2 komodo dragons (D)
  An ice devil (D)
  An unseen horror (D)
  A guardian mummy (D)
  An efreet (D)
  A merfolk (D)
  A tarantella (D)
  2 hellwings (D)
  2 glass eyes (D)
  A spriggan (D)
  2 water elementals (D)
  Sigmund (D)
  A wraith (D)
  2 fire bats (D)
  Grum (D)
  2 redbacks (D)
  2 swamp drakes (D)
  2 orc warriors (D)
  A black bear (D)
  A laughing skull (D)
  9 wolves (D)
  A kobold brigand (D)
  2 brain worms (D)
  An earth elemental (D)
  A bullfrog (D)
  3 scorpions (D)
  A jelly (D)
  An orc priest (D)
  A hound (D)
  An iron imp (D)
  2 gnoll boudas (D)
  An orc wizard (D)
  An adder (D)
  10 gnolls (D)
  A river rat (D)
  An ufetubus (D)
  4 orcs (D)
  2 ball pythons (D)
  A bat zombie (D)
  A goblin (D)
  4 jackals (D)
  A kobold (D)
  A bat (D)
  A frilled lizard (D)
  A jackal zombie (D)
  2 rats (D)
116 creatures vanquished.

Notes
Turn   | Place    | Note
-------+----------+-------------------------------------------
     0 | D        | rocky1 the Octopode Shapeshifter began the quest for the
                  | Orb.
     0 | D        | Reached XP level 1. HP: 13/13 MP: 1/1
    11 | D        | Noticed a glass eye
    21 | D        | Killed a glass eye
    22 | D        | Reached skill level 7 in Unarmed Combat
    22 | D        | Reached XP level 2. HP: 18/18 MP: 2/2
    22 | D        | Reached XP level 3. HP: 23/23 MP: 3/3
    22 | D        | Reached XP level 4. HP: 28/28 MP: 4/4
    22 | D        | Reached XP level 5. HP: 33/33 MP: 5/5
    48 | D        | Found a bloodstained altar of Trog.
    48 | D        | Found a shimmering blue altar of Sif Muna.
    48 | D        | Found a viscous altar of Jiyva.
    48 | D        | Found a hazy altar of Hepliaklqana.
    48 | D        | Found an opulent altar of Gozag.
    49 | D        | Found a glowing golden altar of the Shining One.
    49 | D        | Found a glowing silver altar of Zin.
    49 | D        | Found a basalt altar of Yredelemnul.
    49 | D        | Found a shimmering altar of Xom.
    49 | D        | Found an ornate altar of the Wu Jian Council.
    49 | D        | Found a sacrificial altar of Ru.
    49 | D        | Found a stormy altar of Qazlal.
    49 | D        | Found an iron altar of Okawaru.
    49 | D        | Found a sparkling altar of Nemelex Xobeh.
    49 | D        | Found a burning altar of Makhleb.
    49 | D        | Found a blossoming altar of Fedhas.
    49 | D        | Found a white marble altar of Elyvilon.
    49 | D        | Found a shadowy altar of Dithmenos.
    49 | D        | Found a snail-covered altar of Cheibriados.
    52 | D        | Found a corrupted altar of Lugonu.
    52 | D        | Found a radiant altar of Vehumet.
    52 | D        | Found a roughly hewn altar of Beogh.
    53 | D        | Found an ancient bone altar of Kikubaaqudgha.
    53 | D        | Found a hide-covered altar of Uskayaw.
    53 | D        | Found a broken altar of Ashenzari.
    56 | D        | Became a worshipper of Gozag Ym Sagoz the Greedy
    74 | D        | Reached skill level 8 in Unarmed Combat
   402 | D        | Reached XP level 6. HP: 21/38 MP: 6/6
   405 | D        | Reached skill level 1 in Stealth
   515 | D        | Reached skill level 9 in Unarmed Combat
   583 | D        | Noticed an orc warrior
   589 | D        | Noticed Sigmund
   610 | D        | Killed Sigmund
   611 | D        | Reached skill level 10 in Unarmed Combat
   611 | D        | Reached XP level 7. HP: 30/43 MP: 7/7
   673 | D        | Reached skill level 5 in Dodging
   687 | D        | Reached skill level 11 in Unarmed Combat
   904 | D        | Reached skill level 12 in Unarmed Combat
   906 | D        | Noticed a fire bat
   910 | D        | Reached XP level 8. HP: 45/51 MP: 8/8
  1143 | D        | Noticed a swamp dragon
  1157 | D        | Reached skill level 5 in Stealth
  1157 | D        | Reached skill level 13 in Unarmed Combat
  1163 | D        | Killed a swamp dragon
  1164 | D        | Reached skill level 5 in Fighting
  1164 | D        | Reached skill level 14 in Unarmed Combat
  1164 | D        | Reached XP level 9. HP: 57/61 MP: 9/9
  1385 | D        | Bought a potion of curing for 36 gold pieces
  1385 | D        | Bought a potion of attraction for 36 gold pieces
  1387 | D        | Bought a potion of curing for 48 gold pieces
  1387 | D        | Bought a scroll of fog for 64 gold pieces
  1387 | D        | Bought a potion of heal wounds for 80 gold pieces
  1387 | D        | Bought the Annotations on Compounds for 416 gold pieces
  1393 | D        | Learned a level 4 spell: Olgreb's Toxic Radiance
  1413 | D        | Noticed a sea snake
  1443 | D        | Killed a sea snake
  1527 | D        | Noticed Grum
  1528 | D        | Noticed a demonic crawler
  1538 | D        | Reached skill level 15 in Unarmed Combat
  1545 | D        | Killed a demonic crawler
  1546 | D        | Reached XP level 10. HP: 35/69 MP: 12/15
  1552 | D        | Killed Grum
  1557 | D        | Killed an unseen horror
  1558 | D        | Reached skill level 10 in Stealth
  1558 | D        | Reached skill level 5 in Alchemy
  1577 | D        | Noticed a phantasmal warrior
  1578 | D        | Noticed a sea snake
  1585 | D        | Killed a sea snake
  1586 | D        | Reached skill level 16 in Unarmed Combat
  1595 | D        | Killed a phantasmal warrior
  1596 | D        | Reached skill level 5 in Spellcasting
  1618 | D        | Noticed a molten gargoyle
  1622 | D        | Noticed a death yak
  1631 | D        | Killed a molten gargoyle
  1638 | D        | HP: 1/108 [death yak (16)]
  1640 | D        | Killed a death yak
  1641 | D        | Reached skill level 17 in Unarmed Combat
  2068 | D        | Noticed a deep elf zephyrmancer
  2082 | D        | Reached XP level 11. HP: 61/78 MP: 11/19
  2090 | D        | Killed a deep elf zephyrmancer
  2309 | D        | Noticed a sixfirhy
  2316 | D        | Killed a sixfirhy
  2726 | D        | Bought the Tractate on Puissant Feathers for 384 gold
                  | pieces
  2726 | D        | Bought an Everburning Encyclopedia for 608 gold pieces
  2731 | D        | Learned a level 4 spell: Ignite Poison
  2740 | D        | Learned a level 8 spell: Ignition
  2841 | D        | Noticed a sea snake
  2841 | D        | Noticed a demonic crawler
  2842 | D        | Noticed a merfolk aquamancer
  2845 | D        | Killed a sea snake
  2846 | D        | Reached skill level 10 in Fighting
  2846 | D        | Reached skill level 18 in Unarmed Combat
  2846 | D        | Reached skill level 10 in Shapeshifting
  2855 | D        | Killed a demonic crawler
  2856 | D        | Reached skill level 10 in Dodging
  2870 | D        | Killed a merfolk aquamancer
  3345 | D        | Bought a potion of might for 92 gold pieces
  3345 | D        | Bought a scroll labelled WEZOL DEOROJ for 23 gold pieces
  3445 | D        | Noticed a manticore
  3445 | D        | Noticed a two-headed ogre
  3451 | D        | Killed a two-headed ogre
  3451 | D        | Killed a manticore
  3452 | D        | Reached XP level 12. HP: 40/89 MP: 10/22
  3644 | D        | Noticed Nessos
  3659 | D        | Killed Nessos
  4095 | D        | Noticed an ophan
  4095 | D        | Noticed an emperor scorpion
  4095 | D        | Noticed a deep troll shaman
  4095 | D        | Noticed an iron troll
  4121 | D        | Killed an ophan
  4378 | D        | Killed a deep troll shaman
  4379 | D        | Reached skill level 5 in Fire Magic
  4543 | D        | Reached skill level 19 in Unarmed Combat
  4543 | D        | Reached skill level 10 in Alchemy
  4549 | D        | Killed an iron troll
  4556 | D        | Killed an emperor scorpion
  5009 | D        | Bought a potion of mutation for 128 gold pieces
  5009 | D        | Bought a potion of curing for 48 gold pieces
  5009 | D        | Bought a potion of cancellation for 128 gold pieces
  5009 | D        | Bought 2 potions of berserk rage for 160 gold pieces
  5009 | D        | Bought a potion of lignification for 48 gold pieces
  5009 | D        | Bought a potion of experience for 800 gold pieces
  5009 | D        | Bought a potion of curing for 48 gold pieces
  5009 | D        | Bought a potion of ambrosia for 128 gold pieces
  5009 | D        | Bought a potion of might for 64 gold pieces
  5019 | D        | Learned a level 8 spell: Maxwell's Capacitive Coupling
  5019 | D        | Reached XP level 13. HP: 97/97 MP: 26/26
  5095 | D        | Noticed an emperor scorpion
  5138 | D        | Demolished by a spriggan rider

Illustrated notes

Levels and vault maps discovered:
D:        pitsprint [storerooms_1, entrance_room_1, metal_vault_1, armoury_3,
          mini_pit_1, grid_room_1, main_hall_1, silver_pit, the_coven_3,
          the_vestibule_1, steel_vault_3, golden_pit, hallway_of_sentries,
          crystal_vault_6, iron_vault_4, final_vault]

Skill      XL: |  1  2  3  4  5  6  7  8  9 10 11 12 13 |
---------------+----------------------------------------+-----
Dodging        | 3 4 6 7 8 10 12 | 12.4
Unarmed Combat | 7 8 10 12 14 15 17 18 19 | 19.4
Shapeshifting  | 7 8 9 11 12 | 12.4
Stealth        | 2 3 6 9 11 12 | 12.0
Fighting       | 2 5 6 8 10 12 | 12.7
Spellcasting   | 3 5 7 9 |  9.5
Alchemy        | 4 7 8 10 11 | 11.0
Fire Magic     | 2 6 |  6.8

Action                     |  1- 3 |  4- 6 |  7- 9 | 10-12 | 13-15 || total
---------------------------+-------+-------+-------+-------+-------++-------
  Melee: Unarmed           |     9 |    31 |    85 |   125 |    32 ||   282
         Tentacles         |     3 |     6 |    23 |    35 |    10 ||    77
         Constrict         |     1 |     8 |    20 |     9 |     2 ||    40
         Punch             |       |       |     9 |    17 |     5 ||    31
   Cast: Olgreb's Toxic Ra |       |       |       |    21 |     4 ||    25
         Ignite Poison     |       |       |       |    12 |     2 ||    14
 Invoke: Call Merchant     |       |       |     2 |     3 |       ||     5
         Potion Petition   |       |       |       |       |     1 ||     1
  Evoke: Wand              |       |       |       |     1 |       ||     1
    Use: Potion            |       |     1 |    10 |    18 |     6 ||    35
         Scroll            |       |       |       |     4 |       ||     4
   Stab: Sleeping          |       |       |     2 |     2 |       ||     4
         Invisible         |       |       |     4 |     2 |     1 ||     7
         Distracted        |       |       |     1 |     2 |       ||     3
 Armour: Skin              |       |    13 |    34 |    76 |    10 ||   133
  Dodge: Dodged            |       |    19 |    53 |    89 |    11 ||   172

Table legend: (Time is in decaauts)
 A = Elapsed time spent in this place.
 B = Non-inter-level travel time spent in this place.
 C = Inter-level travel time spent in this place.
 D = Time resting spent in this place.
 E = Time spent auto-exploring this place.
 F = Levels seen in this place.
 G = Mean time per level.
                   A        B        C        D        E       F      G
               +--------+--------+--------+--------+--------+-----+--------+
         Total |   5061 |   4998 |     63 |   3685 |      0 |   1 | 5061.0 |
       Dungeon |   5061 |   4998 |     63 |   3685 |      0 |   1 | 5061.0 |
               +--------+--------+--------+--------+--------+-----+--------+

Top non-repeatable levels by time:
       D: 5061 daAuts
